cohdb
Replays
Latest Replays
All Replays
Popular Replays
Top Player Replays
Match Explorer
How It Works
Community
CoH3 Stats
Reddit
Sign in to upload your games and track your stats! →
Sign in with Steam
Match 42463763
Unlisted
Match 42463763
Overview
Messages
Build Orders
End
Pioneer Squad
Construct Infanterie Kompanie
Grenadier Squad
MG 42 Machine Gun Team
Grenadier Squad
Construct Panzergrenadier Kompanie
251 Medium Carrier
Selects Mechanized Battlegroup
Selects Raid Package
Pak 40 Anti-tank Gun Team
Selects StuG Assault Group
StuG Assault Group
Medical Station
fary2
BIOHAZARD
0
0
Comments
sign in to comment!
No comments posted yet!